 Dungeon Crawl Stone Soup version 0.20-a0-556-g892c87b (webtiles) character file.

529 esc the Skirmisher (level 7, 0/44 HPs)
             Began as a Tengu Abyssal Knight on Feb 7, 2017.
             Was a Priest of Lugonu.
             Succumbed to an orc wizard's poison
             ... on level 3 of the Dungeon.
             The game lasted 00:10:52 (4351 turns).

esc the Skirmisher (Tengu Abyssal Knight)           Turns: 4351, Time: 00:10:53

Health: 0/44       AC:  5    Str: 19    XL:     7   Next: 23%
Magic:  18/18      EV: 13    Int: 12    God:    Lugonu [***...]
Gold:   118        SH:  0    Dex: 14    Spells: 6/6 levels left

rFire    . . .     SeeInvis .   a - +1 falchion
rCold    + . .     Gourm    .   o - +0 ring mail
rNeg     . . .     Faith    .   (no shield)
rPois    .         Spirit   .   (helmet restricted)
rElec    .         Reflect  .   (no cloak)
rCorr    .         Harm     .   (no gloves)
MR       .....                  (boots unavailable)
Stlth    +.........             (no amulet)
Regen    0.2/turn               p - ring of protection from cold {rC+, !d}
                                g - ring of magical power {MP+9}

@: mighty, lethally poisoned (0 -> -16)
A: beak, talons 3, able to fly 1
a: Fly, Depart the Abyss, Bend Space, Banish, Renounce Religion


You were on level 3 of the Dungeon.
You worshipped Lugonu.
Lugonu was most pleased with you.
You were not hungry.

You visited 1 branch of the dungeon, and saw 5 of its levels.
You visited the Abyss 1 time.

You collected 118 gold pieces.

Inventory:

Hand Weapons
 a - a +1 falchion (weapon)
Missiles
 f - 5 javelins (quivered)
Armour
 o - a +0 ring mail (worn)
   (You found it on level 2 of the Dungeon)
Jewellery
 g - a ring of magical power (left hand) {MP+9}
   (You found it on level 1 of the Dungeon)
 p - a ring of protection from cold (right hand) {rC+, !d}
   (You found it on level 2 of the Dungeon)
Scrolls
 e - a scroll of random uselessness
 h - a scroll of identify
 l - a scroll of remove curse
Comestibles
 b - a royal jelly
 c - 5 bread rations {@e1}


   Skills:
 + Level 4.9 Fighting
 + Level 4.2 Long Blades
 + Level 4.3 Armour
 + Level 4.4 Dodging
 - Level 1.5 Invocations


You had 6 spell levels left.
You didn't know any spells.

Dungeon Overview and Level Annotations

Branches:
Dungeon (5/15)
 Temple: D:4-7

Altars:
Gozag

Annotations:
D:3 1 runed door, Bronet's ghost, amateur DgAE


Innate Abilities, Weirdness & Mutations

You have a beak for a mouth.
You have claws for feet.
You can fly.


Message History

The gnoll shouts!
You hit the gnoll. You peck the gnoll.
You kill the gnoll!
Lugonu accepts your kill.
You hit the adder skeleton. Your kick misses the adder skeleton.
The adder skeleton bites you.
The adder skeleton bites you but does no damage.
You take 2 damage, and have 37/44 hp.
You hit the adder skeleton. You peck the adder skeleton.
The adder skeleton barely misses you.
You hit the adder skeleton. Your kick misses the adder skeleton.
The adder skeleton barely misses you.
You riposte.
You barely miss the adder skeleton. Your kick misses the adder skeleton.
The gnoll closely misses you.
You hit the adder skeleton. You claw the adder skeleton.
You destroy the adder skeleton!
Lugonu accepts your kill.
There is a stone staircase leading up here.
The gnoll misses you. The gnoll hits you with a flail.
You take 6 damage, and have 34/44 hp.
The gnoll hits you from afar with a spear.
You climb upwards.
The orc wizard shouts!
The orc shouts! x2
The orc closely misses you.
The orc hits you with a trident of flaming.
The orc burns you. The orc hits you but does no damage. x2
A jackal comes into view.
There is a stone staircase leading down here.
You take 6 damage, and have 28/44 hp.
A giant cockroach comes into view.
The jackal barks!
The orc wizard mumbles some strange words.
The orc wizard seems to speed up.
Unknown command.
The orc misses you.
A jackal comes into view.
The orc barely misses you. The jackal bites you. x2
The jackal barks!
You take 3 damage, and have 26/44 hp.
The phantom blinks!
The jackal misses you.
There is a stone staircase leading up here.
The jackal bites you but does no damage.
The orc barely misses you.
The orc wizard hits you but does no damage.
You are poisoned.
You climb upwards.
Level annotation: 1 runed door, Bronet's ghost, amateur DgAE You feel sick.
There is a stone staircase leading down here.
Unknown command.
Unknown command.
Unknown command.
Unknown command.
Unknown command.
Unknown command.
You take 2 damage, and have 24/44 hp.
You closely miss the orc wizard. Your kick misses the orc wizard.
You peck the orc wizard. The orc wizard closely misses you.
The jackal bites you. The jackal closely misses you.
The orc wizard barely misses you.
You take 2 damage, and have 22/44 hp.
You closely miss the orc wizard. You peck the orc wizard.
You feel sick.
The orc wizard hits you with a dagger of venom.
You are more poisoned.
The jackal misses you.
You take 3 damage, and have 19/44 hp.
You feel very mighty all of a sudden.
You feel sick.
The orc wizard hits you but does no damage.
You are lethally poisoned!
The jackal misses you.
The orc wizard hits you with a dagger of venom.
The jackal closely misses you.
You riposte.
You closely miss the jackal.
You take 3 damage, and have 16/44 hp.
You slash the orc wizard! Your peck misses the orc wizard.
You feel sick.
The orc wizard gestures at you while chanting.
The magic dart hits you!
* * * LOW HITPOINT WARNING * * *
The jackal closely misses you.
You take 10 damage, and have 6/44 hp.
MASSIVE DAMAGE!!
You slice the orc wizard!!
You kill the orc wizard!
Lugonu accepts your kill.
* * * LOW HITPOINT WARNING * * *
You feel sick. The jackal closely misses you. The jackal bites you.
* * * LOW HITPOINT WARNING * * *
You take 3 damage, and have 3/44 hp.
You hit the jackal.
* * * LOW HITPOINT WARNING * * *
You feel sick. The jackal closely misses you.
You riposte.
You hit the jackal. You claw the jackal.
You kill the jackal!
Lugonu accepts your kill.
You take 2 damage, and have 1/44 hp.
Okay, then.
You aren't carrying any potions.
Unknown command.
You die...

######## #......#
##.####.#############
#..............>....#
#..####.######.####.#
#.[####.# ##†..###.#
#.....#.#
#>@...##.##########
##......#
##)..###.##.......#
#PP.P.#### ##.##
#......###.#
#.P♣.P...## #.#
####.#.###.# #.
♣PP.P..# #.#
#....##.#
♣♣.P.P.####+##
#.....#.#
♣♣P♣...##...##
#.......#
.P♣♣P..#.....##
#.......#
PP.♣P.........##
###.#.###


There were no monsters in sight!

Vanquished Creatures
  Menkaure (D:4)
  A crimson imp (D:5)
  A bullfrog zombie (D:5)
  A hound (D:5)
  An orc wizard (D:3)
  An iguana (D:4)
  3 worker ants (D:4)
  7 adders
  4 gnolls
  An adder skeleton (D:5)
  2 worms
  A dart slug (D:2)
  5 leopard geckos
  4 orcs
  A ball python (D:3)
  2 giant cockroaches
  7 goblins
  3 hobgoblins
  10 jackals
  7 kobolds
  4 quokkas
  4 bats
  3 frilled lizards
  5 rats
79 creatures vanquished.

Notes
Turn   | Place    | Note
-------+----------+-------------------------------------------
     0 | Abyss:1  | esc the Tengu Abyssal Knight began the quest for the Orb.
     0 | Abyss:1  | Reached XP level 1. HP: 14/14 MP: 3/3
    10 | D:1      | Escaped the Abyss
   161 | D:1      | Reached XP level 2. HP: 15/19 MP: 4/4
  1202 | D:2      | Reached skill level 2 in Dodging
  1202 | D:2      | Reached XP level 3. HP: 23/23 MP: 5/5
  1318 | D:2      | Reached ** piety under Lugonu
  2002 | D:3      | Reached XP level 4. HP: 28/28 MP: 6/6
  2229 | D:3      | Reached skill level 3 in Armour
  2854 | D:3      | Found a runed door.
  2967 | D:3      | Noticed Bronet's ghost (amateur DgAE)
  2986 | D:3      | Found an opulent altar of Gozag.
  3065 | D:4      | Reached skill level 3 in Long Blades
  3065 | D:4      | Gained mutation: You can fly. [Tengu growth]
  3065 | D:4      | Reached XP level 5. HP: 14/33 MP: 7/7
  3220 | D:4      | Noticed Menkaure
  3229 | D:4      | HP: 5/33 [Menkaure (5)]
  3240 | D:4      | HP: 6/33 [Menkaure (7)]
  3244 | D:4      | Killed Menkaure
  3244 | D:4      | Reached skill level 4 in Fighting
  3244 | D:4      | Reached skill level 3 in Dodging
  3244 | D:4      | Reached XP level 6. HP: 7/39 MP: 8/8
  3257 | D:4      | Noticed a phantom
  3267 | D:4      | HP: 3/39 [something/puff of flame (11)]
  3273 | D:4      | HP: 2/39 [something (2)]
  3660 | D:4      | Reached skill level 4 in Armour
  4060 | D:5      | Entered Level 5 of the Dungeon
  4081 | D:5      | Reached skill level 4 in Long Blades
  4081 | D:5      | Reached skill level 4 in Dodging
  4285 | D:5      | Reached *** piety under Lugonu
  4285 | D:5      | Reached XP level 7. HP: 39/44 MP: 9/9
  4348 | D:3      | HP: 6/44 [orc wizard/magic dart (8)]
  4350 | D:3      | HP: 1/44 [poisoned by an orc wizard]
  4351 | D:3      | Succumbed to an orc wizard's poison

Vault maps used:
D:1:      dpeg_arrival_shrine
D:3:      serial_forest, infiniplex_forest_zigzag_1,
          infiniplex_forest_clump_diagonal, infiniplex_forest_end_1,
          infiniplex_forest_clump_long, infiniplex_forest_end_3,
          infiniplex_forest_clump_diagonal, infiniplex_forest_clump_small,
          infiniplex_forest_clump_small, lemuel_statue_altar,
          uniq_crazy_yiuf_cottage
D:4:      gup_sewer_entry_glass, uniq_menkaure, uniq_duvessa
D:5:      kennysheep_spiral_hall, minmay_temple_entry_purple_smoke,
          nicolae_ossuary_entry_catacombs, first_bread

Skill      XL: |  1  2  3  4  5  6 |
---------------+-------------------+-----
Dodging        | 2 3 4 |  4.4
Armour         | 3 4 |  4.3
Long Blades    | 3 4 |  4.2
Fighting       | 4 |  4.9
Invocations    | |  1.5

Action                   |  1- 3 |  4- 6 |  7- 9 || total
-------------------------+-------+-------+-------++-------
Melee: Falchion          |    84 |   113 |    17 ||   214
       Kick              |    14 |    32 |     5 ||    51
       Peck              |    11 |    22 |     5 ||    38
Throw: Javelin           |     3 |       |       ||     3
Invok: Bend Space        |       |     1 |       ||     1
  Use: Potion            |       |     7 |     1 ||     8
       Scroll            |       |     8 |       ||     8
 Stab: Invisible         |       |     4 |       ||     4
  Eat: Chunk             |     3 |     6 |       ||     9
       Royal jelly       |       |     1 |       ||     1
Armor: Leather armour    |     7 |       |       ||     7
       Ring mail         |    19 |    32 |    10 ||    61
Dodge: Dodged            |    56 |   103 |    21 ||   180
       Rpst.: Falchion   |    16 |    25 |     5 ||    46

Vault maps used:
D:1:      dpeg_arrival_shrine
D:3:      serial_forest, infiniplex_forest_zigzag_1,
          infiniplex_forest_clump_diagonal, infiniplex_forest_end_1,
          infiniplex_forest_clump_long, infiniplex_forest_end_3,
          infiniplex_forest_clump_diagonal, infiniplex_forest_clump_small,
          infiniplex_forest_clump_small, lemuel_statue_altar,
          uniq_crazy_yiuf_cottage
D:4:      gup_sewer_entry_glass, uniq_menkaure, uniq_duvessa
D:5:      kennysheep_spiral_hall, minmay_temple_entry_purple_smoke,
          nicolae_ossuary_entry_catacombs, first_bread

Table legend:
 A = Turns spent in this place as a percentage of turns spent in the entire game.
 B = Non-inter-level travel turns spent in this place as a percentage of non-inter-level travel turns spent in the entire game.
 C = Inter-level travel turns spent in this place as a percentage of turns spent in this place.
 D = Turns resting spent in this place as a percentage of non-inter-level travel turns spent in this place.
 E = Turns spent auto-exploring this place as a percentage of non-inter-level travel turns spent in this place.
 F = Non-inter-level travel turns spent in this place divided by the number of levels of this place that you've seen.
                   A       B       C       D       E      F
               +-------+-------+-------+-------+-------+----------------------
         Total | 100.0 | 100.0 |   1.0 |   5.4 |   7.7 | 142.3
       Dungeon |  98.7 |  98.7 |   1.1 |   5.5 |   7.8 | 168.6
         Abyss |   1.3 |   1.3 |   0.0 |   0.0 |   0.0 |  11.0
               +-------+-------+-------+-------+-------+----------------------

Table legend:
 A = Kills in this place as a percentage of kills in entire the game.
 B = Kills by you in this place as a percentage of kills by you in the entire game.
 C = Kills by friends in this place as a percentage of kills by friends in the entire game.
 D = Other kills in this place as a percentage of other kills in the entire game.
 E = Experience gained in this place as a percentage of experience gained in the entire game.
 F = Experience gained in this place divided by the number of levels of this place that you have seen.
                   A       B       C       D       E      F
               +-------+-------+-------+-------+-------+----------------------
         Total | 100.0 | 100.0 |  -nan |  -nan | 100.0 | 126.0
       Dungeon | 100.0 | 100.0 |  -nan |  -nan | 100.0 | 151.2
               +-------+-------+-------+-------+-------+----------------------
